3L
MONTANA PANDAS @ D.C. DIVIDED
09/14/2021
 
TOP OF THE 1ST
Montana Pandas batting - Pitching for D.C. Divided : RHP José Alaniz
Pitching: RHP José Alaniz
Batting: LHB Tomás Guillén 0-0: Ball
1-0: Swinging Strike
1-1: SINGLE (Line Drive, 4MD)
Batting: LHB Jeff Lee 0-0: Ball
1-0: Foul Ball, location: 2F
1-1: Called Strike
1-2: Ball
Wild Pitch!
Tomás Guillén to second
2-2: Ground out 6-3 (Groundball, 6)
Batting: LHB Andrés Ibarra 0-0: Ball
1-0: Ball
2-0: Ball
3-0: Called Strike
3-1: Called Strike
3-2: Ground out 4-3 (Groundball, 34)
Tomás Guillén to third
Batting: LHB Steve Riggs 0-0: Called Strike
0-1: Ball
1-1: Foul Ball, location: 2F
1-2: Foul Ball, location: 2F
1-2: Ball
2-2: Foul Ball, location: 2F
2-2: Fly out, F7 (Flyball, 78M)
Top of the 1st over - 0 run(s), 1 hit(s), 0 error(s), 1 left on base; Montana 0 - D.C. 0
BOTTOM OF THE 1ST
D.C. Divided batting - Pitching for Montana Pandas : LHP Dan Mitchell
Pitching: LHP Dan Mitchell
Batting: RHB Brett Robinson 0-0: Ball
1-0: Swinging Strike
1-1: Ball
2-1: Ball
3-1: SINGLE (Groundball, 6MD)
Batting: RHB Duncan Thomas 0-0: Ball
1-0: Called Strike
1-1: Grounds into double play, 6-4-3 (Groundball, 6)
Batting: RHB Lúcio López 0-0: Ball
1-0: SINGLE (Line Drive, 6D)
Batting: LHB Félix Pérez 0-0: Ball
1-0: Called Strike
1-1: Ground out U3 (Groundball, 3)
Bottom of the 1st over - 0 run(s), 2 hit(s), 0 error(s), 1 left on base; Montana 0 - D.C. 0
TOP OF THE 2ND
Montana Pandas batting - Pitching for D.C. Divided : RHP José Alaniz
Batting: LHB Luis Costello 0-0: Ball
1-0: Ball
2-0: Called Strike
2-1: Ground out 1-3 (Groundball, 15S)
Batting: RHB John Farrell 0-0: Fly out, F9 (Popup, 9S)
Batting: RHB Ron Ward 0-0: Called Strike
0-1: Ground out 6-3 (Groundball, 6M)
Top of the 2nd over - 0 run(s), 0 hit(s), 0 error(s), 0 left on base; Montana 0 - D.C. 0
BOTTOM OF THE 2ND
D.C. Divided batting - Pitching for Montana Pandas : LHP Dan Mitchell
Batting: RHB Gustavo Mateo 0-0: Ball
1-0: Ground out 5-3 (Groundball, 56)
Batting: LHB Mike Gardner 0-0: Fly out, F4 (Popup, 34D)
Batting: RHB Jonathan Widdop 0-0: Foul Ball, location: 2F
0-1: Ground out 1-3 (Groundball, 23)
Bottom of the 2nd over - 0 run(s), 0 hit(s), 0 error(s), 0 left on base; Montana 0 - D.C. 0
TOP OF THE 3RD
Montana Pandas batting - Pitching for D.C. Divided : RHP José Alaniz
Batting: LHB Albert González 0-0: Swinging Strike
0-1: Swinging Strike
0-2: Ball
1-2: Strikes out swinging
Batting: RHB Pancho Salaedo 0-0: Ball
1-0: Called Strike
1-1: Ball
2-1: Ground out 4-3 (Groundball, 4)
Batting: LHB Tomás Guillén 0-0: Ball
1-0: Called Strike
1-1: Foul Ball, location: 2F
1-2: Fly out, F8 (Flyball, 8LM)
Top of the 3rd over - 0 run(s), 0 hit(s), 0 error(s), 0 left on base; Montana 0 - D.C. 0
BOTTOM OF THE 3RD
D.C. Divided batting - Pitching for Montana Pandas : LHP Dan Mitchell
Batting: RHB Justin Saginov 0-0: Ball
1-0: Foul Ball, location: 2F
1-1: Called Strike
1-2: Strikes out looking
Batting: LHB Charles Mathes 0-0: Foul Ball, location: 2F
0-1: Foul Ball, location: 2F
0-2: Ball
1-2: Strikes out looking
Batting: RHB Brett Robinson 0-0: Ground out 6-3 (Groundball, 6M)
Bottom of the 3rd over - 0 run(s), 0 hit(s), 0 error(s), 0 left on base; Montana 0 - D.C. 0
TOP OF THE 4TH
Montana Pandas batting - Pitching for D.C. Divided : RHP José Alaniz
Batting: LHB Jeff Lee 0-0: Called Strike
0-1: Fly out, F2 (Popup, 2L)
Batting: LHB Andrés Ibarra 0-0: Ball
1-0: Ball
2-0: Ball
3-0: Called Strike
3-1: Foul Ball, location: 2F
3-2: Foul Ball, location: 2F
3-2: Foul Ball, location: 2F
3-2: Ground out 4-3 (Groundball, 4)
Batting: LHB Steve Riggs 0-0: SINGLE (Groundball, 4)
Batting: LHB Luis Costello 0-0: Ball
1-0: Foul Ball, location: 2F
1-1: Foul Ball, location: 2F
1-2: Ground out 4-3 (Groundball, 34)
Top of the 4th over - 0 run(s), 1 hit(s), 0 error(s), 1 left on base; Montana 0 - D.C. 0
BOTTOM OF THE 4TH
D.C. Divided batting - Pitching for Montana Pandas : LHP Dan Mitchell
Batting: RHB Duncan Thomas 0-0: Ball
1-0: Fly out, F7 (Flyball, 78XD)
Batting: RHB Lúcio López 0-0: Ball
1-0: Swinging Strike
1-1: Ball
2-1: Foul Ball, location: 2F
2-2: Ball
3-2: Foul Ball, location: 2F
3-2: Strikes out swinging
Batting: LHB Félix Pérez 0-0: Called Strike
0-1: Ball
1-1: Foul Ball, location: 2F
1-2: Ball
2-2: Foul Ball, location: 2F
2-2: Foul Ball, location: 2F
2-2: Foul Ball, location: 2F
2-2: SINGLE (Groundball, 34D)
Batting: RHB Gustavo Mateo 0-0: Swinging Strike
0-1: Ball
1-1: Called Strike
1-2: Foul Ball, location: 2F
1-2: Ball
2-2: Ball
3-2: Ground out 6-3 (Groundball, 6M)
Bottom of the 4th over - 0 run(s), 1 hit(s), 0 error(s), 1 left on base; Montana 0 - D.C. 0
TOP OF THE 5TH
Montana Pandas batting - Pitching for D.C. Divided : RHP José Alaniz
Batting: RHB John Farrell 0-0: Ball
1-0: SINGLE (Line Drive, 6D)
Batting: RHB Ron Ward 0-0: Swinging Strike
0-1: Ball
1-1: Ball
2-1: Grounds into double play, 6-4-3 (Groundball, 6)
Batting: LHB Albert González 0-0: Ball
1-0: Called Strike
1-1: Swinging Strike
1-2: Foul Ball, location: 2F
1-2: Ball
2-2: SINGLE (Line Drive, 89S)
Batting: RHB Pancho Salaedo 0-0: Foul Ball, location: 2F
0-1: Ball
1-1: Ball
2-1: Called Strike
2-2: Strikes out swinging
Top of the 5th over - 0 run(s), 2 hit(s), 0 error(s), 1 left on base; Montana 0 - D.C. 0
BOTTOM OF THE 5TH
D.C. Divided batting - Pitching for Montana Pandas : LHP Dan Mitchell
Batting: LHB Mike Gardner 0-0: Ball
1-0: Ground out 1-3 (Groundball, 34S)
Batting: RHB Jonathan Widdop 0-0: Ball
1-0: Foul Ball, location: 2F
1-1: Ball
2-1: Ball
3-1: Base on Balls
Batting: RHB Justin Saginov 0-0: Ball
1-0: Ball
2-0: Foul Ball, location: 2F
2-1: Ball
3-1: SINGLE (Groundball, 3D)
Jonathan Widdop to second
Runner from 2nd tries for 3rd, SAFE, throw made to third
Batting: LHB Charles Mathes 0-0: Called Strike
0-1: Ball
1-1: Ball
2-1: Ball
3-1: Swinging Strike
3-2: Strikes out swinging
Pitching: LHP Jeffery Howell
Batting: RHB Brett Robinson 0-0: Ball
1-0: Foul Ball, location: 2F
1-1: Ball
2-1: Foul Ball, location: 2F
2-2: Foul Ball, location: 2F
2-2: Fielders Choice at 2nd, U6 (Groundball, 6M)
Bottom of the 5th over - 0 run(s), 1 hit(s), 0 error(s), 2 left on base; Montana 0 - D.C. 0
TOP OF THE 6TH
Montana Pandas batting - Pitching for D.C. Divided : RHP José Alaniz
Batting: LHB Tomás Guillén 0-0: Called Strike
0-1: SINGLE (Line Drive, 4MD)
Batting: LHB Jeff Lee 0-0: Ball
1-0: Ball
2-0: Ball
3-0: Called Strike
3-1: Base on Balls
Tomás Guillén to second
Batting: LHB Andrés Ibarra 0-0: Ball
1-0: Fly out, F3 (Line Drive, 34)
1-0: Fly out, F3 (Line Drive, 34)
Batting: LHB Steve Riggs 0-0: Foul Ball, location: 2F
0-1: Ball
1-1: Fly out, F8 (Flyball, 8LXD)
Runner from 2nd tags up, SAFE at 3rd, no throw
Batting: LHB Luis Costello 0-0: Called Strike
0-1: Foul Ball, location: 2F
0-2: Ball
1-2: Foul Ball, location: 2F
1-2: SINGLE (Groundball, 3L) (infield hit)
Tomás Guillén scores
Jeff Lee to second
Batting: RHB John Farrell 0-0: Foul Ball, location: 2F
0-1: Foul Ball, location: 2F
0-2: Ball
1-2: Strikes out swinging
Top of the 6th over - 1 run(s), 2 hit(s), 0 error(s), 2 left on base; Montana 1 - D.C. 0
BOTTOM OF THE 6TH
D.C. Divided batting - Pitching for Montana Pandas : LHP Jeffery Howell
Batting: RHB Duncan Thomas 0-0: Ball
1-0: Ball
2-0: Ball
3-0: Called Strike
3-1: Foul Ball, location: 2F
3-2: Foul Ball, location: 2F
3-2: Foul Ball, location: 2F
3-2: Foul Ball, location: 2F
3-2: Foul Ball, location: 2F
3-2: SINGLE (Groundball, 13S) (infield hit)
Batting: RHB Lúcio López 0-0: Ball
1-0: Ball
2-0: SINGLE (Groundball, 23) (infield hit)
Duncan Thomas to second
Batting: LHB Félix Pérez 0-0: Foul Ball, location: 2F
0-1: Fly out, F9 (Line Drive, 9M)
Batting: RHB Gustavo Mateo 0-0: Swinging Strike
0-1: Ball
Wild Pitch!
Duncan Thomas to third
Lúcio López to second
1-1: Ball
2-1: Swinging Strike
2-2: Strikes out swinging
Batting: LHB Mike Gardner 0-0: Ball
1-0: Ball
2-0: Fly out, F7 (Flyball, 78M)
Bottom of the 6th over - 0 run(s), 2 hit(s), 0 error(s), 2 left on base; Montana 1 - D.C. 0
TOP OF THE 7TH
Montana Pandas batting - Pitching for D.C. Divided : RHP José Alaniz
Batting: RHB Ron Ward 0-0: Called Strike
0-1: Ball
1-1: Fly out, F2 (Popup, 2RF)
Batting: LHB Albert González 0-0: Fly out, F6 (Popup, 6M)
Batting: RHB Pancho Salaedo 0-0: Ball
1-0: Ground out 4-3 (Groundball, 4M)
Top of the 7th over - 0 run(s), 0 hit(s), 0 error(s), 0 left on base; Montana 1 - D.C. 0
BOTTOM OF THE 7TH
D.C. Divided batting - Pitching for Montana Pandas : LHP Jeffery Howell
Batting: RHB Jonathan Widdop 0-0: Ball
1-0: Ball
2-0: Ball
3-0: Called Strike
3-1: Base on Balls
Batting: RHB Justin Saginov 0-0: Sac Bunt - play at first, batter OUT! 5-3
Jonathan Widdop to second
Batting: LHB Charles Mathes 0-0: Called Strike
0-1: Called Strike
0-2: Ball
1-2: Strikes out swinging
Batting: RHB Brett Robinson 0-0: Ball
1-0: Called Strike
1-1: Swinging Strike
1-2: Ball
2-2: SINGLE (Line Drive, 5D)
Jonathan Widdop to third
Runner from 3rd tries for Home, SAFE, no throw or cutoff
Pitching: RHP Jorge Cantú
Pinch Hitting: LHB Brad Elmore 0-0: Foul Ball, location: 2F
0-1: Swinging Strike
Passed Ball!
Brett Robinson to second
0-2: Foul Ball, location: 2F
0-2: Ball
1-2: Ball
2-2: Ball
3-2: Base on Balls
Batting: RHB Lúcio López 0-0: Foul Ball, location: 2F
0-1: Ball
1-1: Ball
2-1: Ball
3-1: Base on Balls
Brett Robinson to third
Brad Elmore to second
Batting: LHB Félix Pérez 0-0: Ball
1-0: Called Strike
1-1: Called Strike
1-2: Ball
2-2: Fly out, F7 (Popup, 7LS)
Bottom of the 7th over - 1 run(s), 1 hit(s), 0 error(s), 3 left on base; Montana 1 - D.C. 1
TOP OF THE 8TH
Montana Pandas batting - Pitching for D.C. Divided : RHP José Alaniz
Now at 2B: Ramón García
Batting: LHB Tomás Guillén 0-0: Ball
1-0: Called Strike
1-1: Ground out 6-3 (Groundball, 6M)
Batting: LHB Jeff Lee 0-0: Ball
1-0: Ball
2-0: Called Strike
2-1: Ball
3-1: Ground out 6-3 (Groundball, 6M)
Batting: LHB Andrés Ibarra 0-0: Swinging Strike
0-1: Ball
1-1: Foul Ball, location: 2F
1-2: Ball
2-2: Foul Ball, location: 2F
2-2: Ball
3-2: Strikes out swinging
Top of the 8th over - 0 run(s), 0 hit(s), 0 error(s), 0 left on base; Montana 1 - D.C. 1
BOTTOM OF THE 8TH
D.C. Divided batting - Pitching for Montana Pandas : RHP Jorge Cantú
Batting: RHB Gustavo Mateo 0-0: Foul Ball, location: 2F
0-1: DOUBLE (Flyball, 78D)
Batting: LHB Mike Gardner 0-0: Ball
1-0: Ground out 1-3 (Groundball, 13S)
Gustavo Mateo to third
Batting: RHB Jonathan Widdop 0-0: Fly out, F7 (Flyball, 7S)
Batting: RHB Justin Saginov 0-0: Ball
1-0: SINGLE (Flyball, 7S)
Gustavo Mateo scores
Batting: LHB Charles Mathes 0-0: Ball
1-0: Foul Ball, location: 2F
1-1: Ball
2-1: Called Strike
2-2: Foul Ball, location: 2F
2-2: Strikes out swinging
Bottom of the 8th over - 1 run(s), 2 hit(s), 0 error(s), 1 left on base; Montana 1 - D.C. 2
TOP OF THE 9TH
Montana Pandas batting - Pitching for D.C. Divided : RHP José Alaniz
Batting: LHB Steve Riggs 0-0: Called Strike
0-1: Foul Ball, location: 2F
0-2: Strikes out swinging
Batting: LHB Luis Costello 0-0: Called Strike
0-1: Swinging Strike
0-2: Ball
1-2: Foul Ball, location: 2F
1-2: Ball
2-2: SINGLE (Groundball, 3L)
Pitching: LHP Greg Jordan
Batting: RHB John Farrell 0-0: Called Strike
0-1: Ball
1-1: Called Strike
1-2: Fly out, F7 (Flyball, 7S)
Batting: RHB Ron Ward 0-0: Ball
1-0: Ground out 4-3 (Groundball, 34)
Top of the 9th over - 0 run(s), 1 hit(s), 0 error(s), 1 left on base; Montana 1 - D.C. 2
This league is powered by Out of the Park Baseball, the baseball management simulation game for PC, Mac and Linux
Friday, January 22nd, 2016 - OOTP Baseball 16.9 Build 39